 Dungeon Crawl Stone Soup version 0.31-a0-222-gefeffbb62a (webtiles) character file.

Game seed: 8716413289720183797

225987 Pooter the Severer (level 18, -15/166 HPs)
             Began as a Minotaur Monk on July 3, 2023.
             Was a High Priest of Okawaru.
             Demolished by a spark wasp (17 damage)
             ... on level 4 of the Spider Nest on July 5, 2023.
             The game lasted 02:57:43 (60511 turns).

Pooter the Severer (Minotaur Monk)                 Turns: 60511, Time: 02:57:43

Health: -15/166    AC: 20    Str: 28    XL:     18   Next: 63%
Magic:  22/24      EV: 17    Int:  7    God:    Okawaru [*****.]
Gold:   4059       SH:  0    Dex: 15    Spells: 9/17 levels left

rFire   + + .        b - +27 heavy crossbow "Sniper" {heavy, Acc+∞ SInv}
rCold   + . .        (shield currently unavailable)
rNeg    + + .        Q - quicksilver dragon scales
rPois   +            d - +2 hat of Freedom {rF- Will+ Str+6}
rElec   .            o - scarf {rC+ rF+}
rCorr   .            l - +2 pair of gloves
SInv    +            v - +1 pair of boots "Imiufes" {rPois rF+ rN++ Str-4}
Will    +++..        U - amulet "Xaraab" {rF+ Regen+ Dex-2 SInv}
Stlth   ++++         B - +4 ring of slaying
HPRegen 1.27/turn    X - +6 ring of strength
MPRegen 0.19/turn

%: no passive effects
@: heroic
A: horns 2, retaliatory headbutt, fangs 1, mutation resistance 1, noise
suppression
}: 1/15 runes: gossamer
a: Renounce Religion, Heroism, Finesse, Duel


You were on level 4 of the Spider Nest.
You worshipped Okawaru.
Okawaru was extremely pleased with you.
You visited 5 branches of the dungeon, and saw 27 of its levels.
You also visited: Gauntlet and Ice Cave.

You collected 4819 gold pieces.
You spent 760 gold pieces at shops.

Inventory:

Hand Weapons
 a - a +2 heavy battleaxe
   (You took it off an orc knight on level 15 of the Dungeon)
 b - the +27 heavy crossbow "Sniper" (weapon) {heavy, Acc+∞ SInv}
   (You took it off a minotaur in a Gauntlet)

   Acc+∞: It never misses its target.
   SInv:      It lets you see invisible.
 h - the +10 battleaxe of Meum {flame, Fly rPois Str+3 Stlth+}
   (Okawaru gifted it to you on level 4 of the Spider Nest)

   Str:       It affects your strength (+3).
   rPois:     It protects you from poison.
   Fly:       It grants you flight.
   Stlth:     It makes you more stealthy.
Missiles
 p - 8 curare-tipped darts
 H - 21 boomerangs
 L - 6 datura-tipped darts
 M - 6 javelins
 R - 10 silver javelins
Armour
 d - the +2 hat of Freedom (worn) {rF- Will+ Str+6}
   (You found it on level 4 of the Spider Nest)

   Str:       It affects your strength (+6).
   rF:        It makes you vulnerable to fire.
   Will:      It increases your willpower.
 l - a +2 pair of gloves (worn)
   (You found it on level 1 of the Dungeon)
 o - a scarf of resistance (worn)
   (You found it on level 4 of the Spider Nest)
 r - a +2 hat of stealth
   (You found it on level 3 of the Dungeon)
 v - the +1 pair of boots "Imiufes" (worn) {rPois rF+ rN++ Str-4}
   (Okawaru gifted it to you on level 4 of the Lair of Beasts)

   Str:       It affects your strength (-4).
   rF:        It protects you from fire.
   rPois:     It protects you from poison.
   rN:        It greatly protects you from negative energy.
 Q - quicksilver dragon scales (worn)
   (Okawaru gifted it to you on level 5 of the Lair of Beasts)
 V - a +2 cloak of willpower
   (You found it in a Gauntlet)
Jewellery
 B - a +4 ring of slaying (left hand)
   (You took it off a tengu warrior on level 11 of the Dungeon)
 F - a ring of protection from fire
   (You found it on level 7 of the Dungeon)
 I - a ring of protection from cold
   (You took it off a deep elf pyromancer on level 11 of the Dungeon)
 J - the ring of Zutoohi {rN+ rCorr}
   (You found it in an ice cave)

   [ring of positive energy]

   rN:        It protects you from negative energy.
   rCorr:     It protects you from acid and corrosion.
 K - a ring of flight
   (You bought it in a shop on level 2 of the Orcish Mines)
 U - the amulet "Xaraab" (around neck) {rF+ Regen+ Dex-2 SInv}
   (You found it in a Gauntlet)

   [amulet of regeneration]

   Dex:       It affects your dexterity (-2).
   rF:        It protects you from fire.
   SInv:      It lets you see invisible.
   Regen:     It increases your rate of health regeneration.
 W - a ring of wizardry
   (You found it on level 3 of the Dungeon)
 X - a +6 ring of strength (right hand)
   (You found it on level 6 of the Dungeon)
Wands
 f - a wand of flame (43)
   (You found it in a Gauntlet)
 q - a wand of roots (15)
   (You found it in a Gauntlet)
 u - a wand of paralysis (33)
   (You found it on level 7 of the Dungeon)
 D - a wand of digging (19)
   (You took it off Terence on level 2 of the Dungeon)
 G - a wand of light (7)
   (You found it on level 9 of the Dungeon)
 Y - a wand of mindburst (9)
   (You found it on level 1 of the Lair of Beasts)
 Z - a wand of polymorph (8)
   (You found it on level 8 of the Dungeon)
Scrolls
 i - 7 scrolls of identify {@r1}
 j - a scroll of noise {!r}
 n - a scroll of silence
 t - 2 scrolls of teleportation {@r4}
 w - 4 scrolls of blinking
 y - 4 scrolls of fog
 z - 2 scrolls of immolation {!r}
 P - a scroll of fear
 T - 5 scrolls of revelation
Potions
 c - 2 potions of invisibility
 e - 17 potions of curing {@q1}
 g - 6 potions of heal wounds {@q2}
 k - 4 potions of haste {@q3}
 m - 4 potions of might
 s - a potion of resistance
 A - 2 potions of magic
 C - 2 potions of cancellation
 E - 4 potions of attraction {!q}
 N - 6 potions of mutation {!q}
 O - 4 potions of enlightenment
Miscellaneous
 x - a condenser vane
   (You found it in an ice cave)
 S - a piece from Xom's chessboard (15/15)
   (You found it in a Gauntlet)


   Skills:
 + Level 15.8(20.8) Fighting
 - Level 19.9(25.0) Axes
 - Level 2.2(18.2) Maces & Flails
 - Level 0.1(18.0) Polearms
 * Level 19.6(24.6) Ranged Weapons
 + Level 4.7(9.7) Throwing
 - Level 4.9(9.9) Armour
 + Level 6.3(11.3) Dodging
 + Level 7.3(12.3) Stealth
 - Level 4.3 Translocations
 + Level 4.5 Transmutations
 - Level 10.3 Invocations
 + Level 5.7 Evocations


You had 9 spell levels left.
You knew the following spells:

 Your Spells              Type           Power      Damage    Failure   Level
a - Lesser Beckoning      Tloc           12%        N/A       16%         2
b - Blink                 Tloc           12%        N/A       16%         2
c - Apportation           Tloc           12%        N/A       11%         1
d - Beastly Appendage     Tmut           12%        N/A       10%         1
e - Wereblood             Tmut           6%         N/A       16%         2

Your spell library contained the following spells:

 Spells                   Type           Power      Damage    Failure   Level
 Gell's Gravitas          Tloc           6%         N/A       32%         3
 Teleport Other           Tloc           6%         N/A       32%         3
 Momentum Strike          Conj/Tloc      6%         3d8       36%         2
 Passwall                 Tmut/Erth      2%         N/A       36%         2
 Foxfire                  Conj/Fire      0%         2x1d4     54%         1
 Magic Dart               Conj           0%         1d3       54%         1
 Sandblast                Erth           0%         2d4       54%         1
 Slow                     Hex            0%         N/A       54%         1
 Spider Form              Tmut/Pois      3%         N/A       58%         3
 Cigotuvi's Dreadful Rot  Necr/Pois/Air  0%         N/A       67%         2
 Ensorcelled Hibernation  Hex/Ice        0%         N/A       67%         2
 Searing Ray              Conj           0%         2d4       67%         2
 Static Discharge         Conj/Air       0%         2-2/arc   67%         2
 Ignite Poison            Fire/Tmut/Pois 2%         N/A       71%         3
 Confusing Touch          Hex            0%         N/A       88%         3
 Stone Arrow              Conj/Erth      0%         3d7       88%         3
 Swiftness                Air            0%         N/A       88%         3
 Vampiric Draining        Necr           0%         2d6       88%         3
 Airstrike                Air            0%         2d(0-16)  99%         4
 Dispel Undead            Necr           0%         3d6       99%         4
 Fulminant Prism          Conj/Hex       0%         3d5       99%         4
 Sticky Flame             Conj/Fire      0%         2d3       99%         4
 Agony                    Necr           0%         N/A       100%        5
 Alistair's Intoxication  Tmut/Pois      2%         N/A       100%        5
 Fireball                 Conj/Fire      0%         3d3       100%        5
 Plasma Beam              Fire/Air       0%         2x1d10    100%        6
 Starburst                Conj/Fire      0%         6d3       100%        6
 Orb of Destruction       Conj           0%         9d5       100%        7
 Ignition                 Fire           0%         3d3       100%        8
 Summon Small Mammal      Summ           Unusable   N/A       N/A         1
 Summon Guardian Golem    Hex/Summ       Unusable   N/A       N/A         3
 Summon Lightning Spire   Summ/Air       Unusable   N/A       N/A         4
 Summon Mana Viper        Hex/Summ       Unusable   N/A       N/A         5
 Death Channel            Necr           Unusable   N/A       N/A         6
 Spellforged Servitor     Conj/Summ      Unusable   N/A       N/A         7

Dungeon Overview and Level Annotations

Branches:
Dungeon (15/15) Zot: 25589 Temple (1/1) D:5 Zot: 5919 Lair (5/5) D:8 Zot: 12434 Shoals (0/4) Lair:3 Spider (4/4) Lair:2 Zot: 10516 Slime (0/5) Lair:4 Orc (2/2) D:12 Zot: 4440 Elf (0/3) Orc:2 Vaults (0/5) D:13 D:14 Depths (0/4) D:15 IceCv (visited) Gauntlet (visited)

Altars:
Ashenzari
Cheibriados
Dithmenos
Elyvilon
Fedhas
Gozag
Hepliaklqana
Kikubaaqudgha
Makhleb
Nemelex Xobeh
Okawaru
Qazlal
Ru
Sif Muna
Trog
Uskayaw
Vehumet
Wu Jian
Xom
Yredelemnul
Zin
The Shining One

Shops:
D:6 :   Orc:2 =?*:

Annotations:
D:10 exclusion: statue


Innate Abilities, Weirdness & Mutations

You have a pair of horns on your head.
You reflexively headbutt those who attack you in melee.
You have very sharp teeth.
You are somewhat resistant to further mutation.
You passively dampen the noise of your surroundings.


Message History

You shout for attention!
You start waiting.
Done waiting.
You start waiting.
Done waiting.
You start waiting.
Done waiting.
You now have 4059 gold pieces (gained 25).
A redback comes into view.
You shoot a bolt. The bolt hits the redback!!!
You kill the redback!
Okawaru accepts your kill.
You start waiting.
Done waiting.
A redback comes into view.
Found a runed scarf.
You shoot a bolt. The bolt hits the redback!!
You kill the redback!
Okawaru accepts your kill.
A spark wasp comes into view.
You shoot a bolt. The bolt hits the spark wasp!
The spark wasp buzzes angrily.
The spark wasp bursts into living lightning!
The living lightning misses you.
The spark wasp blinks! x2
The spark wasp stings you but does no damage.
A sun moth comes into view.
The spark wasp stings you. The spark wasp shocks you!
The spark wasp completely misses you.
The sun moth moves out of view.
You shoot a bolt. The bolt hits the spark wasp!
The spark wasp stings you! The spark wasp shocks you!
The spark wasp stings you. The spark wasp shocks you!
The spark wasp stings you but does no damage.
You shoot a bolt. The bolt hits the spark wasp!
The spark wasp stings you! The spark wasp shocks you!
The spark wasp stings you!!
* * * LOW HITPOINT WARNING * * *
The spark wasp shocks you!
* * * LOW HITPOINT WARNING * * *
The spark wasp stings you but does no damage.
The spark wasp closely misses you.
You gain the combat prowess of a mighty hero.
The spark wasp stings you!
* * * LOW HITPOINT WARNING * * *
The spark wasp shocks you!
* * * LOW HITPOINT WARNING * * *
You shoot a bolt. The bolt hits the spark wasp!!
The spark wasp closely misses you. The spark wasp misses you.
The spark wasp stings you!!
* * * LOW HITPOINT WARNING * * *
The spark wasp shocks you!
You die...

*### ## ####
####*#~[#
.#####[=##*##...#...#
..†.#.~~.#,,.y#..~.~#
#..###.^##*,,#.#...#*
#####....#***##y@~#*
## ##.~######...##
.####^~..##.#..~##
##~.#.##.#..##~..##
#.~.....~^..~#~...#
^...........~.....#
#.~.~....~...#~..^#
##~^#.##.#~.##~..##
^#.##..~.####..~##


You could see a sun moth and a spark wasp.

Vanquished Creatures
  Jorgrun (D:13)
  Frances (D:14)
  A frost giant (D:15)
  2 emperor scorpions
  4 ghost moths
  An orc warlord (Orc:2)
  6 broodmothers
  A stone giant (Orc:2)
  Nessos (D:14)
  5 spark wasps
  A minotaur (Gauntlet)
  Snorg (Lair:5)
  A rakshasa (D:14)
  An ice dragon (Lair:5)
  An entropy weaver (Spider:1)
  6 hydras
  3 ghost crabs
  4 radroaches
  8 centaur warriors
  A catoblepas (Lair:5)
  4 ogre magi
  7 boulder beetles
  A jorogumo (Spider:2)
  20 two-headed ogres
  9 demonic crawlers
  8 death yaks
  4 tengu warriors
  Urug (D:13)
  5 skeletal warriors (D:15)
  Lodul (D:13)
  2 pharaoh ants
  2 deep trolls (Orc:2)
  13 orb spiders
  4 lindwurms (Lair:5)
  A necromancer (IceCv)
  2 orc knights
  A wizard (D:14)
  8 steelbarb worms
  7 manticores
  An orc sorcerer (Orc:2)
  17 wolf spiders
  3 deep elf pyromancers
  12 cyclopes
  A moth of wrath (Spider:1)
  7 ugly things
  6 black mambas
  2 elephants (Lair:5)
  An ice statue (IceCv)
  6 cane toads
  3 gargoyles
  3 efreet (D:15)
  14 komodo dragons
  12 torpor snails
  A freezing wraith (IceCv)
  A kobold demonologist (D:11)
  An unseen horror (D:11)
  10 rime drakes
  Psyche (D:12)
  An anaconda simulacrum (IceCv)
  13 trolls
  15 ice devils (IceCv)
  6 meliai (Spider:3)
  2 polar bears
  8 tyrant leeches
  6 hornets (Lair:5)
  Prince Ribbit (D:8)
  33 tarantellas
  4 blink frogs (Lair:5)
  10 dream sheep
  A snapping turtle (Lair:3)
  5 flying skulls (Gauntlet)
  5 slime creatures
  Sigmund (D:2)
  28 jumping spiders
  A vampire (D:11)
  6 wraiths
  2 dire elephant simulacra (IceCv)
  2 shadows (D:11)
  50 yaks
  15 culicivoras
  15 humans
  5 basilisks
  7 wyverns
  A steam dragon (D:9)
  2 death yak simulacra (IceCv)
  17 vampire mosquitoes
  64 redbacks
  6 wargs
  3 harpy simulacra (IceCv)
  20 water moccasins
  A hydra simulacrum (IceCv)
  2 acid dragons (D:11)
  13 orc warriors
  3 sky beasts (D:7)
  An ice beast (D:5)
  5 black bears
  10 wolves
  7 centaurs
  32 ogres
  4 phantoms
  A kobold brigand (D:10)
  12 bullfrogs
  A gnoll sergeant (D:11)
  5 scorpions
  2 two-headed ogre simulacra (IceCv)
  2 cane toad simulacra (IceCv)
  6 wights
  11 killer bees
  5 elephant simulacra (IceCv)
  4 howler monkeys
  3 electric eels
  8 orc priests
  5 hounds
  A jelly (D:5)
  2 sleepcaps
  Terence (D:2)
  11 iguanas
  Natasha (thrice) (D:3)
  16 orc wizards
  7 hell rats (Lair:5)
  4 polar bear simulacra (IceCv)
  A troll simulacrum (IceCv)
  7 wolf simulacra (IceCv)
  2 spriggan simulacra (IceCv)
  7 gnolls
  A naga simulacrum (IceCv)
  11 adders
  2 shadow imps
  A white imp (D:5)
  2 ufetubi
  3 worms
  3 dart slugs
  61 orcs
  5 ball pythons
  5 endoplasms
  2 giant cockroaches
  6 goblins
  5 hobgoblins
  14 jackals
  13 kobolds
  2 quokkas (D:2)
  11 bats
  3 rats
962 creatures vanquished.

Vanquished Creatures (collateral kills)
  A wight (D:8)
  3 killer bees
  2 orcs
6 creatures vanquished.

Vanquished Creatures (others)
  A human (D:14)
  A killer bee (D:8)
  An orc (D:9)
3 creatures vanquished.

Grand Total: 971 creatures vanquished

Notes
Turn   | Place    | Note
-------+----------+-------------------------------------------
     0 | D:1      | Pooter the Minotaur Monk began the quest for the Orb.
     0 | D:1      | Reached XP level 1. HP: 19/19 MP: 0/0
   203 | D:1      | Reached XP level 2. HP: 27/27 MP: 1/1
   246 | D:1      | Reached skill level 1 in Stealth
   968 | D:2      | Noticed Terence
   978 | D:2      | Killed Terence
   979 | D:2      | Reached XP level 3. HP: 19/33 MP: 2/2
  1288 | D:2      | Reached XP level 4. HP: 40/40 MP: 3/3
  1344 | D:2      | Noticed Sigmund
  1363 | D:2      | Killed Sigmund
  1364 | D:2      | Reached skill level 5 in Axes
  1364 | D:2      | Reached XP level 5. HP: 42/47 MP: 4/4
  1704 | D:3      | Learned a level 1 spell: Apportation
  1788 | D:3      | Noticed Natasha
  1793 | D:3      | Killed Natasha
  1794 | D:3      | Reached XP level 6. HP: 48/55 MP: 5/5
  1802 | D:3      | Noticed Natasha
  1809 | D:3      | Killed Natasha
  1815 | D:3      | Noticed Natasha
  1822 | D:3      | Killed Natasha
  1823 | D:3      | Reached skill level 1 in Ranged Weapons
  1881 | D:3      | Found a shadowy altar of Dithmenos.
  2766 | D:3      | Reached skill level 5 in Fighting
  2766 | D:3      | Reached skill level 1 in Maces & Flails
  3073 | D:4      | Reached XP level 7. HP: 58/61 MP: 6/6
  3126 | D:4      | Reached skill level 1 in Translocations
  3197 | D:4      | Found an ancient bone altar of Kikubaaqudgha.
  3202 | D:4      | Found a shimmering altar of Xom.
  3202 | D:4      | Found a shimmering blue altar of Sif Muna.
  3207 | D:4      | Found a broken altar of Ashenzari.
  3207 | D:4      | Found a burning altar of Makhleb.
  3207 | D:4      | Found a sacrificial altar of Ru.
  3267 | D:5      | Entered Level 5 of the Dungeon
  3436 | D:5      | Found a snail-covered altar of Cheibriados.
  3466 | D:5      | Reached XP level 8. HP: 69/70 MP: 7/7
  3669 | D:5      | Reached skill level 5 in Stealth
  3801 | D:5      | Noticed a gargoyle
  3897 | D:5      | Found a staircase to the Ecumenical Temple.
  3906 | Temple   | Entered the Ecumenical Temple
  4031 | D:5      | Reached skill level 5 in Ranged Weapons
  4181 | D:5      | Found a blossoming altar of Fedhas.
  4203 | D:5      | Killed a gargoyle
  4204 | D:5      | Reached XP level 9. HP: 63/78 MP: 8/8
  4293 | D:5      | Found a hide-covered altar of Uskayaw.
  4325 | D:5      | Found a glowing golden altar of the Shining One.
  5164 | D:6      | Found a glowing silver altar of Zin.
  5266 | D:6      | Found Navvemie's Book Shoppe.
  5290 | D:6      | Found an iron altar of Okawaru.
  5296 | D:6      | Became a worshipper of Warmaster Okawaru
  5296 | D:6      | Reached * piety under Okawaru
  5296 | D:6      | Reached ** piety under Okawaru
  5764 | D:7      | Found a broken altar of Ashenzari.
  5893 | D:7      | Reached XP level 10. HP: 51/86 MP: 7/9
  6247 | D:7      | Reached *** piety under Okawaru
  6248 | D:7      | Reached skill level 10 in Axes
  6510 | D:8      | Noticed Prince Ribbit
  6523 | D:8      | Killed Prince Ribbit
  6640 | D:8      | You fall into a shaft and drop 2 floors!
  6640 | D:10     | Entered Level 10 of the Dungeon
  6755 | D:9      | Noticed a two-headed ogre
  6780 | D:9      | Killed a two-headed ogre
  6846 | D:9      | Noticed a two-headed ogre
  6851 | D:9      | Killed a two-headed ogre
  7066 | D:9      | Received a gift from Okawaru
  7251 | D:8      | Found a staircase to the Lair.
  7327 | D:8      | Reached XP level 11. HP: 43/94 MP: 7/10
  7534 | D:8      | Found an ancient bone altar of Kikubaaqudgha.
  7976 | D:9      | Reached **** piety under Okawaru
  8507 | D:10     | Reached skill level 1 in Armour
  8711 | D:10     | Found a basalt altar of Yredelemnul.
  8971 | D:10     | Reached skill level 1 in Invocations
  9198 | D:9      | Reached skill level 10 in Ranged Weapons
  9422 | D:10     | Found a burning altar of Makhleb.
  9529 | D:10     | Found a radiant altar of Vehumet.
  9758 | Lair:1   | Entered Level 1 of the Lair of Beasts
  9843 | Lair:1   | Received a gift from Okawaru
 10123 | Lair:1   | Found a gate leading to a gauntlet.
 10127 | Gauntlet | Entered a Gauntlet
 10127 | Gauntlet | Found a transporter.
 10127 | Gauntlet | Found a transporter.
 10127 | Gauntlet | Found a transporter.
 10139 | Gauntlet | Found a transporter.
 10489 | Gauntlet | Found a transporter.
 10489 | Gauntlet | Found a transporter.
 10517 | Gauntlet | Identified the amulet "Xaraab" {rF+ Regen+ Dex-2 SInv}
 10529 | Gauntlet | Found a transporter.
 10529 | Gauntlet | Noticed a ghost crab
 10535 | Gauntlet | Killed a ghost crab
 10588 | Gauntlet | Found a transporter.
 10604 | Gauntlet | Noticed a minotaur
 10616 | Gauntlet | Killed a minotaur
 10666 | Lair:1   | Noticed a death yak
 10666 | Lair:1   | Noticed a death yak
 10681 | D:8      | Killed a death yak
 10734 | D:8      | Reached XP level 12. HP: 37/106 MP: 10/13
 10738 | D:8      | Killed a death yak
 10739 | D:8      | Reached skill level 10 in Fighting
 13922 | Lair:2   | Noticed a four-headed hydra
 13924 | Lair:2   | Killed a four-headed hydra
 16280 | Lair:2   | Reached skill level 5 in Invocations
 16287 | Lair:2   | Received a gift from Okawaru
 16320 | Lair:2   | Found a hole to the Spider Nest.
 18590 | Lair:3   | Reached ***** piety under Okawaru
 18591 | Lair:3   | Reached XP level 13. HP: 116/116 MP: 16/16
 18921 | Lair:3   | Reached skill level 15 in Axes
 19426 | Lair:3   | Found a staircase to the Shoals.
 20389 | Lair:4   | Identified the +1 pair of boots "Imiufes" {rPois rF+ rN++
                  | Str-4} (Okawaru gifted it to you on level 4 of the Lair of
                  | Beasts)
 20389 | Lair:4   | Received a gift from Okawaru
 20446 | Lair:4   | Found a frozen archway.
 20455 | IceCv    | Entered an ice cave
 24814 | IceCv    | Identified the ring of Zutoohi {rN+ rCorr}
 24886 | IceCv    | Found an ancient bone altar of Kikubaaqudgha.
 26066 | Lair:4   | Found a staircase to the Slime Pits.
 26488 | Lair:5   | Entered Level 5 of the Lair of Beasts
 27353 | Lair:5   | Noticed Snorg
 27355 | Lair:5   | Killed Snorg
 27872 | Lair:5   | Reached XP level 14. HP: 102/126 MP: 18/18
 28527 | Lair:5   | Reached skill level 15 in Ranged Weapons
 30685 | Lair:5   | Received a gift from Okawaru
 31134 | Lair:5   | Found a runed translucent door.
 33437 | D:11     | HP: 1/127 [12-headed hydra (8)]
 33762 | D:11     | Identified the staff "Kesaqe Verch" {*Slow rElec rPois rF++
                  | rCorr Air}
 34193 | D:11     | Learned a level 2 spell: Blink
 34196 | D:11     | Learned a level 2 spell: Lesser Beckoning
 34223 | D:12     | Noticed Psyche
 34224 | D:12     | Received a gift from Okawaru
 34226 | D:12     | Killed Psyche
 34694 | D:12     | Reached XP level 15. HP: 136/136 MP: 20/20
 36058 | D:12     | Found a staircase to the Orcish Mines.
 36502 | Orc:1    | Entered Level 1 of the Orcish Mines
 38031 | Orc:1    | Upgraded the game from 0.31-a0-219-g8d62b2e7bb to
                  | 0.31-a0-222-gefeffbb62a
 38041 | Orc:2    | Entered Level 2 of the Orcish Mines
 41409 | Orc:2    | Received a gift from Okawaru
 42251 | Orc:2    | Found a staircase to the Elven Halls.
 43352 | Orc:2    | Found Ezemeom's Magic Scroll Shoppe.
 43356 | Orc:2    | Found Meisiolu's Jewellery Boutique.
 43357 | Orc:2    | Found Reliosm's Book Emporium.
 43360 | Orc:2    | Bought a scroll of identify for 28 gold pieces
 43360 | Orc:2    | Bought a scroll of identify for 28 gold pieces
 43364 | Orc:2    | Bought a scroll of teleportation for 42 gold pieces
 43663 | Orc:2    | Found Fyssam's General Store.
 43667 | Orc:2    | Bought a ring of flight for 227 gold pieces
 43672 | Orc:2    | Bought a wand of digging (5) for 273 gold pieces
 43672 | Orc:2    | Bought a scroll of enchant armour for 97 gold pieces
 43672 | Orc:2    | Bought a potion of enlightenment for 65 gold pieces
 43982 | D:13     | Noticed Lodul
 44063 | D:13     | Killed Lodul
 44401 | D:13     | Noticed Jorgrun
 44410 | D:13     | Killed Jorgrun
 44730 | D:14     | Noticed Urug
 44730 | D:14     | Noticed Nessos
 44730 | D:14     | Found a gate to the Vaults.
 44734 | D:14     | Reached skill level 1 in Evocations
 44740 | D:13     | Killed Urug
 45084 | D:14     | Killed Nessos
 45321 | D:14     | Noticed Frances
 45323 | D:14     | Killed Frances
 46092 | D:15     | Entered Level 15 of the Dungeon
 46409 | D:15     | Reached XP level 16. HP: 147/147 MP: 22/22
 46530 | D:15     | Received a gift from Okawaru
 46875 | D:15     | Reached skill level 10 in Invocations
 47195 | D:15     | Found a staircase to the Depths.
 47281 | D:15     | Gained mutation: You are somewhat resistant to further
                  | mutation. [potion of mutation]
 47281 | D:15     | Gained mutation: You have sharp toenails. [potion of
                  | mutation]
 47282 | D:15     | Lost mutation: You have sharp toenails. [potion of
                  | mutation]
 47282 | D:15     | Lost mutation: You are somewhat resistant to further
                  | mutation. [potion of mutation]
 47282 | D:15     | Gained mutation: You passively dampen the noise of your
                  | surroundings. [potion of mutation]
 47282 | D:15     | Gained mutation: You have very sharp teeth. [potion of
                  | mutation]
 47282 | D:15     | Gained mutation: You are somewhat resistant to further
                  | mutation. [potion of mutation]
 47488 | Spider:1 | Entered Level 1 of the Spider Nest
 49581 | Spider:1 | Learned a level 1 spell: Beastly Appendage
 50400 | Spider:2 | Reached skill level 15 in Fighting
 50402 | Spider:2 | Reached skill level 1 in Throwing
 50404 | Spider:2 | Reached skill level 1 in Transmutations
 51284 | Spider:2 | Received a gift from Okawaru
 54213 | Spider:3 | Received a gift from Okawaru
 55397 | Spider:3 | Reached XP level 17. HP: 156/156 MP: 23/23
 55415 | Spider:3 | Reached skill level 5 in Dodging
 55654 | Spider:3 | Identified the +5 quarterstaff "Oxaudir" {vamp, rPois Will+
                  | Stlth+}
 56103 | Spider:4 | Entered Level 4 of the Spider Nest
 56373 | Spider:4 | Reached skill level 5 in Evocations
 56481 | Spider:4 | Identified the +6 arbalest of Internal Strife {elec, MP-9
                  | Dex+5} (Okawaru gifted it to you on level 4 of the Spider
                  | Nest)
 56481 | Spider:4 | Received a gift from Okawaru
 57661 | Spider:4 | Reached XP level 18. HP: 163/163 MP: 24/24
 57665 | Spider:4 | Learned a level 2 spell: Wereblood
 57903 | Spider:4 | Reached ****** piety under Okawaru
 58235 | Spider:4 | Got Sif Muna's Commentary on Combined Spectres
 58982 | Spider:4 | Identified the +10 battleaxe of Meum {flame, Fly rPois
                  | Str+3 Stlth+} (Okawaru gifted it to you on level 4 of the
                  | Spider Nest)
 58982 | Spider:4 | Received a gift from Okawaru
 59711 | Spider:4 | Got a gossamer rune of Zot
 59736 | Spider:4 | Identified the +2 hat of Freedom {rF- Will+ Str+6}
 60511 | Spider:4 | HP: 2/166 [spark wasp (21)]
 60511 | Spider:4 | Demolished by a spark wasp

Illustrated notes

Levels and vault maps discovered:
D:1:      elethiomel_arrival_infinity_welcomes_careful_drivers, layout_basic,
          minmay_misc_feat_room, minivault_5
D:2:      layout_basic, uniq_sigmund, uniq_terence
D:3:      layout_basic, lemuel_tele_altar, uniq_natasha
D:4:      layout_rooms, doesnt_xom_only_xom
D:5:      cheibrodos_fzero, layout_rooms, mainiacjoe_overflow_alcove_2,
          cheibriados_altar_1, lemuel_crystal_altar, tso_altar,
          minmay_temple_entry_arrows
D:6:      layout_loops_corners, lemuel_crystal_altar, zin_treasury,
          serial_shops, nicolae_lakefront_shop
D:7:      old_forge, layout_basic, evilmike_ruin_ashenzari
D:8:      layout_basic, mainiacjoe_overflow_concentric_impassable,
          erik_lair_orcish_takeover, uniq_prince_ribbit1
D:9:      layout_roguey
D:10:     layout_basic, lightli_temple_of_fire, vehumet_statue,
          mainiacjoe_overflow_small_starburst
D:11:     minmay_the_grid_square_5x5_4x4_mashed
          [minmay_the_grid_square_5x5_moneybag,
          minmay_the_grid_square_5x5_three_small,
          minmay_the_grid_square_5x5_three_walls, minmay_the_grid_square_5x5_c,
          minmay_the_grid_square_5x5_two_walls_a,
          minmay_the_grid_square_5x5_prize_rear_guard,
          minmay_the_grid_square_5x5_prize_pseudospiral,
          minmay_the_grid_square_5x5_minimal, minmay_the_grid_square_5x5_spiral,
          minmay_the_grid_square_5x5_prize_gold,
          minmay_the_grid_square_5x5_prize_junk,
          minmay_the_grid_square_5x5_one_wall,
          minmay_the_grid_square_5x5_inverted_slash,
          minmay_the_grid_square_5x5_v, minmay_the_grid_square_5x5_tie,
          minmay_the_grid_square_5x5_n], layout_loops_ring
D:12:     layout_loops_corners, david_orc_2, uniq_psyche
D:13:     layout_cave_pools, uniq_lodul, uniq_jorgrun
D:14:     layout_long_grid, david_vaults_3, infiniplex_staircase_star,
          uniq_frances
D:15:     grunt_enter_depths_snipers, layout_small_grid, fountainhead
Temple:   dpeg_three_leaves_temple
Lair:1:   beast_lair_carwin_large_4, layout_regular_city,
          gauntlet_entry_generic, grunt_megastairs_3
Lair:2:   layout_layer_cave, spider_nest_entry_a,
          grunt_forest_small_clearing_treed, infiniplex_staircase_pool
Lair:3:   layout_cave_pods, minmay_shoals_entry_hut, serial_bayou_shore_a
Lair:4:   layout_cave_pods, slime_entry_1, portal_ice_cave_entry_pillars_1,
          grunt_megastairs_1, lemuel_fruit_tree, lemuel_fruit_fields
Lair:5:   wormcave, layout_hall_layers, hangedman_lair_in_review, uniq_snorg
Spider:1: layout_spider_delve
Spider:2: layout_cave_pods, nicolae_spider_checkerboard
Spider:3: nicolae_spider_brood_tunnel
Spider:4: guppyfry_spider_rune, nicolae_spider_swamp_cousins
Orc:1:    layout_diamond_mine
Orc:2:    st_orc_open, layout_diamond_mine

Skill      XL: |  1  2  3  4  5  6  7  8  9 10 11 12 13 14 15 16 17 18 |
---------------+-------------------------------------------------------+-----
Axes           | 4 5 6 8 9 11 13 14 16 18 19 | 19.9
Stealth        | 1 3 4 5 6 7 |  7.3
Fighting       | 4 5 6 7 8 9 11 12 13 14 15 | 15.8
Ranged Weapons | 2 3 5 7 9 11 13 14 16 17 18 19 | 19.6
Maces & Flails | 1 2 |  2.2
Translocations | 1 2 3 4 |  4.3
Armour         | 3 4 |  4.9
Invocations    | 3 5 7 8 9 10 | 10.3
Evocations     | 2 4 5 |  5.7
Throwing       | 2 3 4 |  4.7
Transmutations | 2 3 4 |  4.5
Dodging        | 4 5 6 |  6.3
Polearms       | |  0.1

Action                     |  1- 3 |  4- 6 |  7- 9 | 10-12 | 13-15 | 16-18 || total
---------------------------+-------+-------+-------+-------+-------+-------++-------
  Melee: Hand axe          |    56 |       |       |       |       |       ||    56
         Headbutt          |    11 |    17 |    49 |    66 |    34 |     7 ||   184
         Flail             |     3 |    45 |       |       |       |       ||    48
         Morningstar       |       |    30 |     9 |       |       |       ||    39
         War axe           |       |       |   171 |    71 |       |       ||   242
         Battleaxe         |       |       |       |   210 |   136 |    40 ||   386
         Bite              |       |       |       |       |       |     4 ||     4
   Fire: Sling             |       |    31 |    19 |       |       |       ||    50
         Orcbow            |       |       |       |    23 |       |       ||    23
         Heavy crossbow    |       |       |       |    78 |   450 |   346 ||   874
  Throw: Dart              |     3 |     7 |     9 |    18 |       |       ||    37
         Boomerang         |       |       |       |     1 |     1 |       ||     2
   Cast: Apportation       |       |       |       |       |       |     1 ||     1
 Invoke: Heroism           |       |       |     1 |    19 |    15 |     6 ||    41
         Finesse           |       |       |       |     2 |     3 |       ||     5
  Evoke: Wand              |       |       |     1 |       |     1 |     2 ||     4
    Use: Scroll            |     4 |     1 |     4 |     9 |    29 |     2 ||    49
         Potion            |       |     1 |       |     1 |     5 |     5 ||    12
   Stab: Distracted        |       |       |       |       |     2 |       ||     2
 Armour: Robe              |     8 |       |       |       |       |       ||     8
         Chain mail        |     3 |    50 |   122 |       |       |       ||   175
         Plate armour      |       |       |    32 |   196 |   211 |       ||   439
         Quicksilver drago |       |       |       |       |   204 |   221 ||   425
  Dodge: Dodged            |    37 |    41 |    98 |   130 |   299 |   214 ||   819

Table legend: (Time is in decaauts)
 A = Elapsed time spent in this place.
 B = Non-inter-level travel time spent in this place.
 C = Inter-level travel time spent in this place.
 D = Time resting spent in this place.
 E = Time spent auto-exploring this place.
 F = Levels seen in this place.
 G = Mean time per level.
                   A        B        C        D        E       F      G
               +--------+--------+--------+--------+--------+-----+--------+
         Total |  62056 |  60891 |   1165 |  38709 |  15260 |  29 | 2139.9 |
       Dungeon |  18171 |  17484 |    687 |   5555 |   8914 |  15 | 1211.4 |
        Temple |     80 |     66 |     14 |      0 |     58 |   1 |   80.0 |
          Lair |  17565 |  17230 |    335 |  12127 |   3665 |   5 | 3513.0 |
   Spider Nest |  13482 |  13428 |     54 |  10213 |   1927 |   4 | 3370.5 |
  Orcish Mines |   7559 |   7486 |     73 |   6289 |    607 |   2 | 3779.5 |
      Ice Cave |   4671 |   4671 |      0 |   4144 |     88 |   1 | 4671.0 |
      Gauntlet |    525 |    525 |      0 |    379 |      0 |   1 |  525.0 |
               +--------+--------+--------+--------+--------+-----+--------+

Top non-repeatable levels by time:
  Lair:5: 5609 daAuts
   Orc:2: 5239 daAuts
   IceCv: 4671 daAuts
Spider:4: 4623 daAuts
Spider:3: 4200 daAuts
  Lair:3: 3838 daAuts
  Lair:1: 3584 daAuts
  Lair:2: 2788 daAuts
    D:12: 2456 daAuts
Spider:1: 2352 daAuts
   Orc:1: 2320 daAuts
Spider:2: 2305 daAuts
    D:11: 2188 daAuts
  Lair:4: 1745 daAuts
    D:15: 1289 daAuts
